AoeStats
← Spsツ

Glade

510548903Analyzed
1v1 RM · 23h ago on Oct 1, 2026· 27m 20s· 2 players
Game mode
Random Map
Map size
Tiny (2 player)
Population
200
Speed
Normal
Resources
Standard
Victory
Conquest
Starting age
Dark Age
Ending age
Imperial Age
RankedLock teamsTeams togetherTeam positionsShared explorationLock speedFull tech treeHidden civsTurbo modeCheats
Victory
Defeat
1261
+15
🇸🇰 Romans · Slovakia
1247
-15
Spsツ
2:31 Loom
10:38 Feudal Age
15:07 Castle Age
13:17 Double-Bit Axe
13:50 Horse Collar
17:03 Wheelbarrow
16:39 Bow Saw
20:03 Heavy Plow
20:23 Town Watch
22:01 Hand Cart
23:07 Man-at-Arms
24:28 Scale Mail Armor
24:38 Forging
23:52 Long Swordsman
27:27 Iron Casting
twitch.tv/merusaking <4bis>
10:29 Feudal Age
14:42 Castle Age
13:26 Double-Bit Axe
16:25 Bow Saw
18:26 Loom
20:12 Fletching
20:33 Horse Collar
22:45 Bodkin Arrow
23:30 Padded Archer Armor
Connection lost

Rejoining the realm…

Still unreachable

The connection could not be restored.

Session expired

The server has moved on; the page needs a fresh start.